 Dungeon Crawl Stone Soup version 0.17.0-9-g801d43b (webtiles) character file.

10580 HungrySpirit the Grappler (level 11, -1/103 HPs)
             Began as a Grey Draconian Transmuter on Nov 9, 2015.
             Slain by a manticore (8 damage)
             ... on level 11 of the Dungeon.
             The game lasted 00:27:10 (9899 turns).

HungrySpirit the Grappler (DrTm)                    Turns: 9899, Time: 00:27:10

Health: -1/103     AC:  6    Str: 16    XL:     11   Next: 38%
Magic:  22/22      EV: 10    Int: 13    God:
Gold:   746        SH:  0    Dex: 12    Spells: 4 memorised, 12 levels left

rFire  . . .     SeeInvis .       - Unarmed
rCold  + + +     Clarity  .     (armour unavailable)
rNeg   . . .     SustAt   .     (shield currently unavailable)
rPois  +         Gourm    .     (helmet currently unavailable)
rElec  .         Spirit   .     (cloak currently unavailable)
rCorr  .         Warding  .     (gloves currently unavailable)
rMut   .         Stasis   .     (boots currently unavailable)
MR     +....                    s - amulet of regeneration
Stlth  +.........               U - ring of poison resistance
                                O - ring of protection from fire

@: ice-form, manticore barbs, very slightly contaminated, somewhat resistant to
hostile enchantments, very unstealthy
A: (walk through water), unfitting armour, (horns 0), magic resistance 1,
(unbreathing), (cold-blooded), AC +12
a: End Transformation


You were on level 11 of the Dungeon.
You were hungry.
You were a creature of crystalline ice.
You visited 1 branch of the dungeon, and saw 11 of its levels.

You collected 746 gold pieces.

Inventory:

Hand Weapons
 f - a +2 short sword of speed
Missiles
 a - 229 arrows
 T - 15 arrows of flame
Armour
 y - a +1 cloak (melded)
 z - a +2 pair of gloves (melded)
 L - a +2 pair of boots (melded)
 Q - a +0 buckler
Rods
 G - a -3 rod of ignition (12/12)
   (You found it on level 6 of the Dungeon)
Jewellery
 s - an amulet of regeneration (around neck)
 v - an uncursed amulet of the gourmand {unknown}
 O - a ring of protection from fire (left front paw)
 U - a ring of poison resistance (right front paw)
 X - an uncursed ring of wizardry {unknown}
Wands
 p - a wand of fire (6)
 A - a wand of lightning (9)
 B - a wand of cold (7)
 E - a wand of random effects (17)
 H - a wand of slowing (14)
 K - a wand of enslavement (4)
 N - a wand of digging (8)
 Y - a wand of teleportation (7)
Scrolls
 d - 2 scrolls of blinking
 e - 3 scrolls of fog
 j - 5 scrolls of identify
 l - 3 scrolls of enchant weapon
 n - a scroll of vulnerability {unknown}
 o - 9 scrolls of remove curse
 q - a scroll of brand weapon {unknown}
 r - 2 scrolls of amnesia
 J - 2 scrolls of fear
 S - a scroll of recharging
 V - a scroll of acquirement {unknown}
Potions
 g - a potion of poison
 m - a potion of invisibility
 t - a potion of agility
 w - 2 potions of brilliance
 C - 2 potions of magic
 D - a potion of flight
 I - a potion of ambrosia
 P - a potion of cancellation
 R - a potion of curing
Books
 b - a book of Changes

   Spells                             Type                      Level
   a - Beastly Appendage              Transmutation                1
   b - Sticks to Snakes               Transmutation                2
   c - Spider Form                    Transmutation/Poison         3
   d - Ice Form                       Ice/Transmutation            4
   e - Blade Hands                    Transmutation                5
 h - a book of the Dragon

   Spells                             Type                      Level
   a - Flame Tongue                   Conjuration/Fire             1
   b - Cause Fear                     Hexes                        4
   c - Bolt of Fire                   Conjuration/Fire             6
   d - Dragon Form                    Transmutation                7
   e - Dragon's Call                  Summoning                    9
Comestibles
 c - 13 bread rations
 k - 5 meat rations
 u - 5 beef jerkies
 F - 4 slices of pizza
 W - 2 chunks of flesh


   Skills:
 + Level 5.1 Fighting
 - Level 1.7 Dodging
 * Level 11.2 Unarmed Combat
 + Level 7.4 Spellcasting
 * Level 10.2 Transmutations
 - Level 5.0 Ice Magic


You had 12 spell levels left.
You knew the following spells:

 Your Spells              Type           Power        Failure   Level  Hunger
a - Beastly Appendage     Trmt           ####..       1%          1    None
b - Sticks to Snakes      Trmt           ####......   1%          2    #......
c - Ice Form              Ice/Trmt       ###.....     8%          4    ####...
d - Blade Hands           Trmt           ####......   8%          5    ######.


Dungeon Overview and Level Annotations

Branches:
Dungeon (11/15)            Temple (0/1) D:5            Lair (0/8) D:9
    Orc: D:9-12

Altars:
Trog
Xom
Yredelemnul

Shops:
D:4 (   D:10 *[

Annotations:
D:6 2 exclusions


Innate Abilities, Weirdness & Mutations

((You can walk through water.))
((Your dull iron-grey scales are very hard (AC +12).))
Your body does not fit into most forms of armour.
((You can survive without breathing.))
((You are cold-blooded and may be slowed by cold attacks.))
((You have a pair of small horns on your head.))
You are resistant to hostile enchantments.


Message History

The manticore bites you!!
* * * LOW HITPOINT WARNING * * *
The manticore closely misses you. x2
Drink which item? (? for menu, Esc to quit)
You feel much better. The manticore bites you!
* * * LOW HITPOINT WARNING * * *
The manticore claws you!
* * * LOW HITPOINT WARNING * * *
The manticore claws you but does no damage.
Drink which item? (? for menu, Esc to quit)
You feel much better. The manticore barely misses you. The manticore claws you.
* * * LOW HITPOINT WARNING * * *
The manticore claws you.
* * * LOW HITPOINT WARNING * * *
You punch the manticore! You freeze the manticore.
The manticore is moderately wounded.
The manticore bites you!
* * * LOW HITPOINT WARNING * * *
The manticore claws you!
You die...

.............#
.............#
.............#
.............##
...............
######
...!...........
#....#
........H......
#....# .......Y#
#...C# .......)#
#....########....#
#...........#....#
#...........#....#
#...........#...##
#...........#...#
#...........#...+
#.......#####...#


You could see a manticore.

Vanquished Creatures
  An ugly thing (D:11)
  Joseph (D:7)
  Psyche (D:11)
  A gargoyle (D:10)
  A komodo dragon (D:10)
  2 trolls
  A two-headed ogre (D:9)
  8 yaks
  The ghost of cireshan the Conjurer, an amateur DECj (D:4)
  A wyvern (D:9)
  A human (D:7)
  A deep elf fighter (D:9)
  3 hungry ghosts (D:10)
  3 hippogriffs
  A water moccasin (D:5)
  2 black bears
  2 sky beasts
  5 ice beasts
  3 ogres
  A necrophage (D:9)
  An eye of draining (D:10)
  6 phantoms
  A big kobold (D:8)
  The ghost of Aelig the Shooter, an amateur HEHu (D:3)
  9 centaurs
  3 crocodiles (D:9)
  3 giant frogs
  4 scorpions
  6 killer bees
  15 wights
  A centaur zombie (D:5)
  4 crimson imps
  4 hounds
  5 jellies
  A giant frog zombie (D:7)
  Crazy Yiuf (D:5)
  3 iguanas
  15 orc wizards
  2 giant frog skeletons (D:5)
  An orc priest (D:8)
  8 worker ants
  4 sheep (D:7)
  4 worker ant zombies
  11 adders
  5 gnolls
  2 river rats (D:8)
  A shadow imp (D:5)
  2 oozes
  6 worms
  36 orcs
  2 ball pythons
  18 bats
  5 giant cockroaches
  5 goblins
  10 hobgoblins
  4 jackals
  5 quokkas
  5 giant geckos
  4 giant gecko zombies
  7 giant newts
  2 jackal skeletons (D:4)
  12 kobolds
  12 rats
296 creatures vanquished.

Vanquished Creatures (collateral kills)
  An orc wizard (D:4)
  An iguana (D:4)
2 creatures vanquished.

Vanquished Creatures (others)
  2 wights (D:10)
  5 fungi (D:9)
7 creatures vanquished.

Grand Total: 305 creatures vanquished

Notes
Turn   | Place    | Note
--------------------------------------------------------------
     0 | D:1      | HungrySpirit the Draconian Transmuter began the quest for the Orb.
     0 | D:1      | Reached XP level 1. HP: 16/16 MP: 3/3
   149 | D:1      | Reached XP level 2. HP: 20/23 MP: 3/5
   324 | D:1      | Reached XP level 3. HP: 28/28 MP: 4/6
   682 | D:1      | Learned a level 2 spell: Sticks to Snakes
  1364 | D:2      | Reached skill level 4 in Unarmed Combat
  1374 | D:2      | Reached XP level 4. HP: 23/35 MP: 7/7
  1790 | D:2      | Found a faded altar to an unknown god.
  2158 | D:3      | Learned a level 4 spell: Ice Form
  2547 | D:3      | Reached XP level 5. HP: 35/40 MP: 9/9
  2922 | D:3      | Noticed Aelig's ghost (amateur HEHu)
  2959 | D:3      | Killed Aelig's ghost
  3295 | D:4      | Noticed an ogre
  3307 | D:4      | Found Xeunnuim's Antique Weapon Shop.
  3332 | D:3      | Killed an ogre
  3332 | D:3      | Reached skill level 5 in Unarmed Combat
  3332 | D:3      | Reached skill level 1 in Ice Magic
  3332 | D:3      | Reached XP level 6. HP: 17/47 MP: 5/10
  3413 | D:3      | Gained mutation: You have a pair of small horns on your head. [potion of mutation]
  3413 | D:3      | Gained mutation: You are resistant to hostile enchantments. [potion of mutation]
  3474 | D:4      | Noticed cireshan's ghost (amateur DECj)
  3549 | D:4      | Killed cireshan's ghost
  3608 | D:4      | Your scales start taking on a dull iron-grey colour.
  3608 | D:4      | Gained mutation: You can survive without breathing. [Grey Draconian growth]
  3608 | D:4      | Reached XP level 7. HP: 24/52 MP: 9/12
  3768 | D:4      | Reached skill level 6 in Unarmed Combat
  3834 | D:4      | Reached skill level 5 in Transmutations
  3960 | D:4      | Noticed a phantom
  3984 | D:4      | Killed a phantom
  4091 | D:4      | Found a bloodstained altar of Trog.
  4142 | D:5      | Entered Level 5 of the Dungeon
  4178 | D:5      | Noticed Crazy Yiuf
  4188 | D:5      | Paralysed by Crazy Yiuf for 2 turns
  4192 | D:5      | Killed Crazy Yiuf
  4299 | D:5      | Reached XP level 8. HP: 55/59 MP: 12/14
  4402 | D:5      | Found a staircase to the Ecumenical Temple.
  4434 | D:5      | Noticed an angel
  4542 | D:5      | Noticed a rust devil
  4719 | D:5      | Reached skill level 7 in Unarmed Combat
  4824 | D:6      | Noticed a troll
  5894 | D:6      | Reached skill level 8 in Unarmed Combat
  5894 | D:6      | Reached XP level 9. HP: 50/64 MP: 16/16
  5915 | D:6      | Reached skill level 5 in Spellcasting
  6117 | D:6      | Identified a -3 rod of ignition (12/12) (You found it on level 6 of the Dungeon)
  6167 | D:7      | Noticed Joseph
  6258 | D:7      | Killed Joseph
  6561 | D:7      | Reached skill level 9 in Unarmed Combat
  6807 | D:7      | Reached skill level 5 in Ice Magic
  7224 | D:8      | Reached XP level 10. HP: 63/72 MP: 18/18
  7231 | D:8      | Learned a level 5 spell: Blade Hands
  7757 | D:8      | Reached skill level 10 in Unarmed Combat
  8131 | D:9      | Found a basalt altar of Yredelemnul.
  8131 | D:9      | Found a shimmering altar of Xom.
  8257 | D:9      | Found a staircase to the Lair.
  8373 | D:9      | Reached XP level 11. HP: 30/84 MP: 18/21
  8797 | D:10     | Entered Level 10 of the Dungeon
  8804 | D:10     | Found Zujum's Antique Armour Shoppe.
  8915 | D:10     | Found Gelenapt's Demolitions Depot.
  9277 | D:10     | Reached skill level 11 in Unarmed Combat
  9420 | D:10     | Reached skill level 10 in Transmutations
  9673 | D:11     | Noticed Psyche
  9721 | D:11     | Killed Psyche
  9721 | D:11     | Reached skill level 5 in Fighting
  9841 | D:11     | HP: 3/103 [killer bee (4)]
  9855 | D:11     | Noticed a hill giant
  9899 | D:11     | Slain by a manticore

Action                   |  1- 3 |  4- 6 |  7- 9 | 10-12 || total
-------------------------+-------+-------+-------+-------++-------
Melee: Short sword       |   147 |   164 |       |       ||   311
       Unarmed           |     3 |    29 |   449 |   368 ||   849
 Cast: Beastly Appendage |    11 |    14 |    25 |       ||    50
       Sticks to Snakes  |       |    12 |    10 |       ||    22
       Ice Form          |       |       |    11 |    19 ||    30
       Blade Hands       |       |       |       |     2 ||     2
Evoke: Wand              |       |       |       |     1 ||     1
  Use: Potion            |       |     3 |     1 |     6 ||    10
       Scroll            |       |     5 |     5 |    17 ||    27
 Stab: Sleeping          |     3 |       |       |     1 ||     4
       Distracted        |       |     1 |     1 |       ||     2
  Eat: Chunk             |     1 |    10 |    14 |    13 ||    38
       Fruit             |       |       |     4 |       ||     4
       Beef jerky        |       |       |     1 |     3 ||     4
       Pizza             |       |       |       |     4 ||     4
